Map: Deathaura LE

Players

KingCobra

  • Race: Protoss Protoss
  • Spawn Location: 5:00

PtitDrogo - Winner!

  • Race: Protoss Protoss
  • League: Grandmaster
  • Spawn Location: 11:00

Event: DreamHack SC2 Masters 2020 Fall

VOD

Have the link to the VOD?

Description

Time

  • Played on: Aug. 26, 2020, 11:07 a.m.
  • Length: 3:17

All games in this series

Show
View Real Time Build Order
Export as new Build Order

KingCobra Protoss 

Build Orders:  

Get SALT Encoding   

  12  0:00  Probe (Chrono Boost)  
  13  0:09  Probe (Chrono Boost)  
  14  0:14  Probe (Chrono Boost)  
  14  0:20  Pylon  
  15  0:39  Forge  
  15  0:59  Pylon  
  15  1:01  Pylon  
  15  1:03  Pylon  
  15  1:08  Pylon x2  
  15  1:20  Pylon  
  15  1:26  Photon Cannon  
  14  1:53  Pylon  
  14  1:54  Pylon  
  14  1:55  Photon Cannon  
  14  1:56  Gateway  
  14  2:00  Pylon  
  14  2:06  Photon Cannon  
  14  2:23  Photon Cannon  
  14  2:25  Photon Cannon  
  14  2:30  Pylon  
  14  2:35  Pylon  
  14  2:37  Photon Cannon  
  14  2:38  Pylon  
  14  2:41  Zealot (Chrono Boost)  
  15  2:56  Pylon  
  15  2:57  Photon Cannon  
  15  2:58  Pylon  
  15  3:01  Photon Cannon  
Show
View Real Time Build Order
Export as new Build Order

PtitDrogo Protoss - Winner!

Build Orders:  

Get SALT Encoding   

  12  0:00  Probe  
  13  0:12  Probe  
  14  0:16  Pylon  
  14  0:24  Probe  
  15  0:35  Gateway  
  15  0:36  Probe (Chrono Boost)  
  15  0:42  Assimilator  
  16  0:46  Probe (Chrono Boost)  
  17  0:52  Probe  
  18  1:01  Pylon  
  18  1:16  Pylon  
  18  1:17  Pylon  
  18  1:25  Zealot (Chrono Boost)  
  19  1:44  Cybernetics Core  
  19  1:57  Zealot  
  21  2:06  Pylon  
  21  2:23  Probe  
  21  2:35  Probe  
  22  2:37  Stalker (Chrono Boost)  
  24  2:47  Probe  
  25  2:52  Assimilator  
  27  3:12  Shield Battery  

Tags
 
Add a new tag
Caveats
  • Supply blocks, unpowered buildings, or Contaminate may cause inaccurate times.
  • Supply counts are checked every 10 seconds.